 Dungeon Crawl Stone Soup version 0.28-a0-1404-g4df0f3684d (webtiles) character file.

Game seed: 16602469081937091197

284 fragbeetle the Insei (level 6, 0/47 HPs)
             Began as a Draconian Transmuter on Jan 6, 2022.
             Slain by Grinder (4 damage)
             ... while paralysed by Grinder
             ... on level 3 of the Dungeon.
             The game lasted 00:08:20 (3179 turns).

fragbeetle the Insei (Draconian Transmuter)         Turns: 3179, Time: 00:08:20

Health: 0/47       AC:  2    Str: 13    XL:     6   Next: 7%
Magic:  3/9        EV:  5    Int: 13    God:
Gold:   92         SH:  0    Dex: 18    Spells: 1/9 levels left

rFire   . . .      SeeInvis .     - Unarmed
rCold   . . .      Faith    .   (shield currently unavailable)
rNeg    . . .      Spirit   .   (armour unavailable)
rPois   x          Reflect  .   (helmet currently unavailable)
rElec   .          Harm     .   (cloak currently unavailable)
rCorr   .          Rampage  .   (gloves currently unavailable)
Will    .....                   (boots currently unavailable)
Stlth   ++........              (no amulet)
HPRegen 0.15/turn               (no ring)
MPRegen 0.11/turn               (no ring)

@: paralysed, spider-form
A: venomous fangs, AC +6, tiny, unfitting armour, (cold-blooded)
a: End Transformation


You were on level 3 of the Dungeon.
You were a venomous arachnid creature.
You visited 1 branch of the dungeon, and saw 3 of its levels.

You collected 92 gold pieces.

Inventory:

Missiles
 b - 77 stones (quivered)
Armour
 f - an orb of wrath
Jewellery
 h - a ring of poison resistance
Scrolls
 a - 2 scrolls of blinking {unknown}
 c - 4 scrolls of identify {unknown}
 l - 3 scrolls of teleportation {unknown}
 n - a scroll of magic mapping {unknown}
 o - a scroll of fog {unknown}
Potions
 d - 2 potions of curing {unknown}
 e - 2 potions of mutation {unknown}
 g - a potion of degeneration {unknown}
 i - a potion of brilliance {unknown}
 j - a potion of lignification {unknown}
 k - a potion of heal wounds {unknown}
 m - a potion of attraction {unknown}


   Skills:
 - Level 1.3 Fighting
 + Level 2.8 Dodging
 * Level 4.8 Unarmed Combat
 - Level 2.0 Spellcasting
 * Level 4.1 Transmutations
 + Level 0.0 Ice Magic
 + Level 1.0 Poison Magic


You had one spell level left.
You knew the following spells:

 Your Spells              Type           Power      Damage    Failure   Level
a - Beastly Appendage     Tmut           24%        N/A       14%         1
b - Spider Form           Tmut/Pois      8%         N/A       47%         3
c - Ice Form              Ice/Tmut       6%         N/A       87%         4

Your spell library contained the following spells:

 Spells                   Type           Power      Damage    Failure   Level
 Wereblood                Tmut           12%        N/A       19%         2


Dungeon Overview and Level Annotations

Branches:
Dungeon (3/15)

Altars:
Fedhas

Annotations:
D:3 Grinder


Innate Abilities, Weirdness & Mutations

You are a venomous arachnid creature.
You have poisonous fangs.
You are tiny and dextrous.
Your spellcasting is less reliable in this form.
Your armour is entirely melded.
You are incapable of wielding weapons or throwing items.
((Your plain brown scales are hard. (AC +6)))
You cannot fit into any form of body armour.
((You are cold-blooded and may be slowed by cold attacks.))


Message History

You barely miss Grinder.
Grinder is lightly wounded.
Grinder gestures at you.
You barely resist. You hit Grinder.
Grinder is lightly wounded.
Grinder gestures at you. You resist with significant effort.
You barely miss Grinder.
Grinder is lightly wounded.
Grinder barely misses you.
You hit Grinder but do no damage.
Grinder is lightly wounded.
Grinder misses you.
You hit Grinder but do no damage.
Grinder is poisoned.
Grinder is lightly wounded.
Grinder barely misses you.
You bite Grinder!
Grinder is moderately wounded.
Grinder completely misses you.
You bite Grinder!
Grinder is heavily wounded.
Your transformation has ended.
Casting: Spider Form (dangerous; 26% risk of failure)
Confirm with . or Enter, or press ? or * to list all spells.
You turn into a venomous arachnid creature.
Grinder gestures at you.
You suddenly lose the ability to move!
Grinder hits you.
You writhe in agony.
Grinder hits you.
* * * LOW HITPOINT WARNING * * *
You writhe in agony.
* * * LOW HITPOINT WARNING * * *
Grinder hits you.
* * * LOW HITPOINT WARNING * * *
You writhe in agony.
* * * LOW HITPOINT WARNING * * *
Grinder hits you but does no damage. Grinder hits you.
You die...

....####
#..##...#........#
....#
##.##...#........#
....# #..#...#........#
##### ##.#...#........#
#.##'##.##.#####
#.......# #.##.....#.#
#.......# #..#.##....#
#.......# ##.5.#...###
#.......# #s#.#...#
#.......# #.....<.#
#.......#######...#####
#.......##...#....#
#.......##.#.#.#..#
#......ยง##.#...#..###
#..5..........##.>..#
#.......#########.#.#
#.......###.......#.#


You could see Grinder (poisoned).

Vanquished Creatures
  A scorpion (D:2)
  Jessica (D:2)
  A howler monkey zombie (D:3)
  9 adders
  4 gnolls
  A dart slug (D:3)
  An orc (D:3)
  A bat (D:3)
  4 endoplasms
  4 giant cockroaches
  11 goblins
  5 hobgoblins
  2 quokkas
  12 ball pythons
  A frilled lizard (D:1)
  6 kobolds
  7 rats
71 creatures vanquished.

Notes
Turn   | Place    | Note
-------+----------+-------------------------------------------
     0 | D:1      | fragbeetle the Draconian Transmuter began the quest for the
                  | Orb.
     0 | D:1      | Reached XP level 1. HP: 16/16 MP: 3/3
    44 | D:1      | Reached XP level 2. HP: 11/23 MP: 3/5
   505 | D:1      | Reached XP level 3. HP: 21/28 MP: 6/6
  1184 | D:2      | Noticed Jessica
  1191 | D:2      | Killed Jessica
  1192 | D:2      | Reached XP level 4. HP: 30/35 MP: 5/7
  1292 | D:2      | Noticed a scorpion
  1305 | D:2      | Killed a scorpion
  1670 | D:2      | Reached XP level 5. HP: 34/39 MP: 6/8
  1850 | D:2      | Learned a level 3 spell: Spider Form
  2566 | D:3      | Found a faded altar of an unknown god.
  2570 | D:3      | Found a blossoming altar of Fedhas.
  2591 | D:3      | Reached skill level 1 in Poison Magic
  2608 | D:3      | Reached XP level 6. HP: 41/47 MP: 7/9
  2619 | D:3      | Learned a level 4 spell: Ice Form
  2844 | D:3      | Noticed Grinder
  3152 | D:3      | Paralysed by Grinder for 3 turns
  3174 | D:3      | Paralysed by Grinder for 7 turns
  3179 | D:3      | Slain by Grinder

Illustrated notes

Levels and vault maps discovered:
D:1:      dpeg_arrival_renting, layout_rooms, bh_walls_and_bars
D:2:      layout_basic, serial_bayou_lagoon_a, minmay_snake_closets,
          uniq_jessica
D:3:      layout_basic, lemuel_round_altar, ebering_ecumenical_altar_hall,
          uniq_grinder

Skill      XL: |  1  2  3  4  5 |
---------------+----------------+-----
Dodging        | 2 |  2.8
Transmutations | 3 4 |  4.1
Unarmed Combat | 4 |  4.8
Poison Magic   | 1 |  1.0
Fighting       | |  1.3
Spellcasting   | |  2.0

Action                   |  1- 3 |  4- 6 || total
-------------------------+-------+-------++-------
Melee: Unarmed           |    66 |   125 ||   191
       Tailslap          |    10 |    13 ||    23
       Kick              |    14 |    20 ||    34
       Punch             |     2 |     1 ||     3
       Headbutt          |    11 |    12 ||    23
Throw: Stone             |       |     6 ||     6
 Cast: Beastly Appendage |    19 |    27 ||    46
       Spider Form       |       |     5 ||     5
 Stab: Sleeping          |     1 |       ||     1
Armor: Skin              |     8 |    36 ||    44
Dodge: Dodged            |    22 |    68 ||    90

Table legend: (Time is in decaauts)
 A = Elapsed time spent in this place.
 B = Non-inter-level travel time spent in this place.
 C = Inter-level travel time spent in this place.
 D = Time resting spent in this place.
 E = Time spent auto-exploring this place.
 F = Levels seen in this place.
 G = Mean time per level.
                   A        B        C        D        E       F      G
               +--------+--------+--------+--------+--------+-----+--------+
         Total |   3169 |   3128 |     41 |    266 |   2053 |   3 | 1056.3 |
       Dungeon |   3169 |   3128 |     41 |    266 |   2053 |   3 | 1056.3 |
               +--------+--------+--------+--------+--------+-----+--------+

Top non-repeatable levels by time:
     D:2: 1476 daAuts
     D:1: 1080 daAuts
     D:3: 613 daAuts
